 Dungeon Crawl Stone Soup version 0.31-a0-986-g5e6e4ef867 (console) character file.

Game seed: 6789036218170166584

21238 petzl the Thaumaturge (level 13, -8/91 HPs)
             Began as a Formicid Delver on Nov 18, 2023.
             Was a Follower of Vehumet.
             Mangled by a harpy simulacrum (10 damage)
             ... in an ice cave.
             The game lasted 01:44:52 (17962 turns).

petzl the Thaumaturge (Formicid Delver)            Turns: 17962, Time: 01:44:53

Health: -8/91      AC:  8    Str: 21    XL:     13   Next: 18%
Magic:  26/26      EV: 13    Int: 14    God:    Vehumet [*.....]
Gold:   1770       SH:  0    Dex: 15    Spells: 11/31 levels left

rFire   + + .        a - +7 quarterstaff {protect, meekguard}
rCold   + + .        (no shield)
rNeg    . . .        t - +2 leather armour {rF+}
rPois   +            (helmet unavailable)
rElec   .            F - scarf {repulsion}
rCorr   .            E - +1 pair of gloves {Str+3}
SInv    +            z - +0 pair of boots {Fly}
Will    +....        d - amulet of the acrobat
Stlth   +++          R - ring of protection from cold
HPRegen 0.35/turn    M - ring of the Rabble {rPois rF+ rC+}
MPRegen 0.20/turn

%: repel missiles, acrobat, clarity
@: flying, invisible
A: permanent stasis, dig shafts and tunnels, antennae 3, four strong arms,
clarity, mutation resistance 1, sense surroundings 1
a: Dig, Renounce Religion


You were in an ice cave.
You worshipped Vehumet.
Vehumet was aware of your devotion.
You visited 3 branches of the dungeon, and saw 18 of its levels.
You also visited: Trove, Sewer and Ice Cave.

You collected 2262 gold pieces.
You spent 492 gold pieces at shops.

Inventory:

Hand Weapons
 a - the +7 staff of the Meek (weapon) {protect, meekguard}
   (You found it on level 4 of the Dungeon)
 b - a +0 sling of draining
 c - a +0 arbalest of flaming
 p - the +4 trident "Hequf" {holy, rN+ MP+9 Dex+3 SInv}
   (You found it on level 9 of the Dungeon)

   Dex+3:     It affects your dexterity (+3).
   rN+:       It protects you from negative energy.
   MP+9:      It affects your magic capacity (+9).
   SInv:      It lets you see invisible.
 U - a +2 flail of venom
Missiles
 e - 37 poisoned darts (quivered)
Armour
 t - a +2 leather armour of fire resistance (worn)
 z - a +0 pair of boots of flying (worn)
 D - a +0 pair of boots of stealth
 E - a +1 pair of gloves of strength (worn)
 F - a scarf of repulsion (worn)
 Q - a scarf of shadows
Jewellery
 d - an amulet of the acrobat (around neck)
 G - a +6 ring of intelligence
 J - a ring of fire
 M - the ring of the Rabble (right hand) {rPois rF+ rC+}
   (You bought it in a shop on level 6 of the Dungeon)

   [ring of poison resistance]

   rF+:       It protects you from fire.
   rC+:       It protects you from cold.
   rPois:     It protects you from poison
 N - an amulet of Divine Compulsion {Reflect +Inv rN+++ Str-5 Int-3 SH+5}
   (You found it in a treasure trove)

   [amulet of reflection]

   Reflect:   It reflects blocked missile attacks.
   Str-5:     It affects your strength (-5).
   Int-3:     It affects your intelligence (-3).
   rN+++:     It renders you almost immune to negative energy.
   +Inv:      It lets you turn invisible.
   SH+5:      It affects your SH (+5).
 R - a ring of protection from cold (left hand)
 S - the ring of Gluttony {Will+ Slay+4}
   (You acquired it on level 11 of the Dungeon)

   [ring of slaying]

   Slay+4:    It affects your accuracy & damage with ranged weapons and melee
   (+4).
   Will+:     It increases your willpower.
 Y - a ring of ice
Wands
 f - a wand of digging (7)
 l - a wand of polymorph (8)
 x - a wand of charming (17)
 H - a wand of mindburst (34)
 K - a wand of light (12)
 L - a wand of flame (28)
 Z - a wand of iceblast (9)
Scrolls
 n - a scroll of fog
 B - a scroll of silence
 I - a scroll of poison
Potions
 g - 4 potions of curing
 h - a potion of attraction {unknown}
 j - a potion of invisibility
 k - 2 potions of magic
 m - a potion of resistance {unknown}
 o - 3 potions of might
 s - 2 potions of cancellation
 C - 2 potions of enlightenment
 O - a potion of lignification
 P - 2 potions of heal wounds
 T - a potion of brilliance {unknown}
Miscellaneous
 V - a tin of tremorstones (2/2)
 X - a lightning rod (4/4)


   Skills:
 - Level 5.0 Fighting
 - Level 2.0(4.1) Maces & Flails
 - Level 5.8(6.0) Staves
 + Level 2.8 Ranged Weapons
 + Level 3.4 Armour
 + Level 3.4 Dodging
 - Level 6.0 Stealth
 * Level 9.6 Spellcasting
 * Level 8.9 Conjurations
 - Level 0.9 Translocations
 + Level 8.8 Ice Magic
 + Level 7.0 Air Magic
 + Level 1.6 Earth Magic
 - Level 6.0 Poison Magic
 + Level 2.6 Evocations


You had 11 spell levels left.
You knew the following spells:

 Your Spells              Type           Power      Damage    Failure   Level
a - Stone Arrow           Conj/Erth      42%        3d9       4%          3
b - Poisonous Vapours     Pois/Air       50%        N/A       1%          2
c - Hailstorm             Conj/Ice       31%        3d8       1%          3
d - Iskenderun's Mystic   Conj/Tloc      20%        2d6       16%         4
l - Freezing Cloud        Conj/Ice/Air   15%        6-21      12%         5
m - Mephitic Cloud        Conj/Pois/Air  27%        N/A       1%          3

Your spell library contained the following spells:

 Spells                   Type           Power      Damage    Failure   Level
 Kiss of Death            Conj/Necr      76%        2d11      1%          1
 Freeze                   Ice            100%       1d10      1%          1
 Shock                    Conj/Air       100%       1d9       1%          1
 Frozen Ramparts          Ice            62%        1d10      1%          3
 Ensorcelled Hibernation  Hex/Ice        38%        N/A       3%          2
 Sandblast                Erth           22%        2d7       6%          1
 Airstrike                Air            13%        2d(2-18)  7%          4
 Apportation              Tloc           18%        N/A       9%          1
 Iskenderun's Battlesphe  Conj           31%        2d8       9%          5
 Necrotise                Necr           24%        1d5       13%         1
 Summon Small Mammal      Summ           24%        N/A       13%         1
 Passwall                 Tmut/Erth      7%         N/A       14%         2
 Brom's Barrelling Bould  Conj/Erth      21%        2d4       14%         4
 Teleport Other           Tloc           9%         N/A       26%         3
 Tukima's Dance           Hex            6%         N/A       36%         3
 Vampiric Draining        Necr           6%         2d6       36%         3
 Dimensional Bullseye     Hex/Tloc       4%         N/A       71%         4
 Dispel Undead            Necr           6%         3d8       77%         4
 Bombard                  Conj/Erth      10%        9d3       91%         6
 Death Channel            Necr           3%         N/A       100%        6
 Spellforged Servitor     Conj/Summ      9%         N/A       100%        7
 Swiftness                Air            Unusable   N/A       N/A         3

Dungeon Overview and Level Annotations

Branches:
Dungeon (15/15)            Temple (1/1) D:4            Lair (2/5) D:9
    Orc (0/2) D:10         Vaults (0/5) D:13          Sewer (visited)
  IceCv (1/1)
  Swamp: Lair:2-3    Shoals: Lair:2-3     Snake: Lair:2-3    Spider: Lair:2-3
 Depths: D:15

Altars:
Ashenzari
Cheibriados
Dithmenos
Elyvilon
Fedhas
Gozag
Hepliaklqana
Kikubaaqudgha
Makhleb
Nemelex Xobeh
Okawaru
Qazlal
Ru
Sif Muna
Trog
Uskayaw
Vehumet
Wu Jian
Xom
Yredelemnul
Zin
The Shining One

Shops:
D:6 =   D:12 *

Annotations:
D:13 exclusion: 2 sensed monsters (detected)
D:14 exclusions: cyclops and 4 sensed monsters (detected)
D:15 exclusion: upstairs IceCv exclusion: ice statue


Innate Abilities, Weirdness & Mutations

You cannot be hasted, slowed, berserked, paralysed or teleported.
You can dig through walls and to a lower floor.
You have a pair of large antennae on your head. (SInv)
Your four strong arms can wield two-handed weapons with a shield.
You possess an exceptional clarity of mind.
You are somewhat resistant to further mutation.
You passively map a small area around you.


Message History

The harpy simulacrum freezes you. You resist.
* * * LOW HITPOINT WARNING * * *
The harpy simulacrum claws you.
* * * LOW HITPOINT WARNING * * *
The harpy simulacrum freezes you. You resist.
* * * LOW HITPOINT WARNING * * *
Unknown command.
Unknown command.
Unknown command.
Okay, then.
Unknown command.
You barely miss the harpy simulacrum.
The harpy simulacrum is moderately damaged.
The harpy simulacrum barely misses you.
The harpy simulacrum claws you but does no damage.
The harpy simulacrum barely misses you. The harpy simulacrum misses you.
Unknown command.
Unknown command.
Unknown command.
Press: ? - help, v - describe, . - travel
Here: a harpy simulacrum (moderately damaged)
The floor.
Unknown command.
Unknown command.
You feel much better. The harpy simulacrum claws you.
The harpy simulacrum freezes you. You resist. The harpy simulacrum claws you!
* * * LOW HITPOINT WARNING * * *
The harpy simulacrum freezes you. You resist.
* * * LOW HITPOINT WARNING * * *
The harpy simulacrum barely misses you. The harpy simulacrum claws you.
* * * LOW HITPOINT WARNING * * *
The harpy simulacrum freezes you. You resist.
* * * LOW HITPOINT WARNING * * *
You fade into invisibility!
The harpy simulacrum claws you!
* * * LOW HITPOINT WARNING * * *
The harpy simulacrum freezes you. You resist.
* * * LOW HITPOINT WARNING * * *
The harpy simulacrum misses you. The harpy simulacrum claws you!
You die...

* , * * * , , * * , * ** ,
* * * , * * ** , * * # ,
#### #. #., *
###..######..# ...
###..#...#....## ,* .8..
#..#####...####≈ ....Z
*########..#..####.#[## *
#...##Z@.##...#.##..###[#..
#...##...########..###.## *
########## #### ####


You could see a harpy simulacrum (unable to see you).

Vanquished Creatures
  Josephine (D:11)
  A vault guard (D:13)
  4 boulder beetles
  The ghost of Cadnt the Skirmisher, a novice MiHu of Nemelex Xobeh (D:8)
  The ghost of pigah the Mimic, a novice OpSh (D:8)
  The ghost of monsoonserge the Grappler, a novice DrSh of Wu Jian (D:8)
  2 deep elf pyromancers
  An arcanist (D:13)
  3 cyclopes
  A manticore (D:11)
  An elephant (D:9)
  A black mamba (Lair:2)
  A cane toad (Lair:1)
  A rime drake (Lair:1)
  Psyche (D:12)
  2 komodo dragons
  3 trolls
  5 blink frogs (Lair:1)
  A jumping spider (shapeshifter) (D:14)
  4 slime creatures (D:11)
  2 wyverns (D:10)
  4 wraiths (D:11)
  A vampire (D:10)
  12 yaks
  Grum (D:8)
  8 vampire mosquitoes (D:13)
  4 steam dragons
  2 acid dragons
  A black bear (D:9)
  4 orc warriors
  2 ice beasts
  4 wolves (D:8)
  5 kobold brigands
  5 bullfrogs
  5 scorpions
  3 cane toad simulacra
  5 wights
  An elephant simulacrum (Lair:2)
  7 killer bees
  7 howler monkeys
  7 orc priests
  A gnoll bouda (D:7)
  6 hounds
  5 iguanas
  11 orc wizards
  4 troll simulacra (IceCv)
  A spriggan simulacrum (IceCv)
  A polar bear simulacrum (Lair:2)
  8 gnolls
  7 adders
  A naga simulacrum (IceCv)
  A river rat (Sewer)
  2 white imps
  4 ufetubi (D:6)
  2 worms
  4 dart slugs
  36 orcs
  6 endoplasms
  4 giant cockroaches
  10 hobgoblins
  3 jackals (Sewer)
  23 kobolds
  3 quokkas
  12 ball pythons
  5 bats
  8 frilled lizards
  17 goblins
  11 rats
322 creatures vanquished.

Notes
Turn   | Place    | Note
-------+----------+-------------------------------------------
     0 | D:5      | petzl the Formicid Delver began the quest for the Orb.
     0 | D:5      | Reached XP level 1. HP: 18/18 MP: 1/1
    41 | D:6      | Noticed a hound
    74 | D:6      | Reached skill level 1 in Spellcasting
   153 | D:6      | Reached XP level 2. HP: 24/24 MP: 2/4
   169 | D:6      | Reached skill level 3 in Spellcasting
   169 | D:6      | Reached XP level 3. HP: 22/29 MP: 3/7
   215 | D:6      | Noticed a wight
   230 | D:6      | Reached XP level 4. HP: 27/35 MP: 7/9
   343 | D:5      | Learned a level 3 spell: Hailstorm
   397 | D:4      | Noticed a scorpion
   397 | D:4      | Found a staircase to the Ecumenical Temple.
   427 | D:4      | Found a glowing drain.
   519 | Sewer    | Entered a sewer
   649 | Sewer    | Noticed a kobold brigand
   675 | Sewer    | Noticed a kobold brigand
   694 | Sewer    | Killed a kobold brigand
   695 | Sewer    | Reached skill level 4 in Spellcasting
   695 | Sewer    | Reached skill level 1 in Conjurations
   695 | Sewer    | Reached skill level 1 in Ice Magic
   695 | Sewer    | Reached XP level 5. HP: 11/41 MP: 9/11
   987 | Sewer    | Killed a kobold brigand
   988 | Sewer    | Reached XP level 6. HP: 40/47 MP: 12/12
  1631 | Temple   | Entered the Ecumenical Temple
  1753 | D:3      | Reached XP level 7. HP: 52/52 MP: 14/14
  2929 | D:2      | Reached skill level 5 in Spellcasting
  3182 | D:2      | Found an iron altar of Okawaru.
  3425 | D:3      | Noticed a golden eye
  3427 | D:3      | Found a faded altar of an unknown god.
  3428 | D:3      | Noticed a glass eye
  3428 | D:3      | Noticed a shining eye
  3428 | D:3      | Noticed a shining eye
  4089 | D:4      | Reached skill level 1 in Evocations
  4361 | D:4      | Reached skill level 1 in Armour
  4794 | D:4      | You fall into a shaft and drop 2 floors!
  5099 | D:7      | Learned a level 4 spell: Iskenderun's Mystic Blast
  5190 | D:6      | Found a burning altar of Makhleb.
  5218 | D:5      | Reached XP level 8. HP: 58/58 MP: 15/15
  5405 | D:4      | Found the +7 staff of the Meek {protect, meekguard}
  5884 | D:5      | Reached skill level 1 in Ranged Weapons
  5931 | D:5      | Learned a level 3 spell: Mephitic Cloud
  5971 | D:5      | Learned a level 5 spell: Freezing Cloud
  6040 | D:5      | Reached skill level 1 in Air Magic
  6657 | D:6      | Found a glowing silver altar of Zin.
  6658 | D:6      | Noticed an angel
  6658 | D:6      | Noticed an Executioner
  6784 | D:6      | Found a blossoming altar of Fedhas.
  6805 | D:6      | Found Qidiybov's Jewellery Emporium.
  6821 | D:6      | Reached XP level 9. HP: 4/60 MP: 17/17
  7238 | D:5      | You fall into a shaft and drop 3 floors!
  7396 | D:9      | Identified the "Sannarorgh"
  7398 | D:9      | Identified the +4 trident "Hequf" {holy, rN+ MP+9 Dex+3
                  | SInv}
  7405 | D:9      | Identified the +1 robe of the Twenty Cities {rF- MP+9 Int+7
                  | Archmagi}
  7470 | D:8      | Found a runed translucent gate.
  7470 | D:8      | Found a runed translucent gate.
  7470 | D:8      | Found a runed translucent gate.
  7474 | D:8      | Noticed Cadnt's ghost (novice MiHu)
  7474 | D:8      | Noticed pigah's ghost (novice OpSh)
  7476 | D:8      | Noticed monsoonserge's ghost (novice DrSh)
  7488 | D:8      | Reached skill level 1 in Staves
  7680 | D:7      | Found a stormy altar of Qazlal.
  7830 | D:6      | Reached skill level 6 in Spellcasting
  8217 | D:7      | Found a radiant altar of Vehumet.
  8565 | D:7      | Found an ancient bone altar of Kikubaaqudgha.
  8587 | D:7      | Became a worshipper of Vehumet
  8716 | D:7      | Reached skill level 5 in Ice Magic
  8977 | D:6      | Bought the ring of the Rabble {rPois rF+ rC+} for 492 gold
                  | pieces
  9285 | D:8      | Reached skill level 1 in Poison Magic
  9398 | D:8      | Reached skill level 5 in Conjurations
  9617 | D:8      | Noticed Grum
  9626 | D:8      | Reached XP level 10. HP: 73/73 MP: 10/19
  9632 | D:8      | Reached * piety under Vehumet
  9632 | D:8      | Offered knowledge of Shock by Vehumet.
  9637 | D:8      | Reached skill level 5 in Fighting
  9642 | D:8      | Killed Grum
  9983 | D:9      | Found a shimmering altar of Xom.
 10152 | D:9      | Noticed an elephant
 10186 | D:9      | Found a glowing golden altar of the Shining One.
 10225 | D:10     | Entered Level 10 of the Dungeon
 10301 | D:9      | Reached skill level 7 in Spellcasting
 10381 | D:9      | Noticed a deep elf pyromancer
 10397 | D:9      | Killed a deep elf pyromancer
 10398 | D:9      | Reached skill level 5 in Poison Magic
 10411 | D:9      | Killed an elephant
 10731 | D:10     | Reached ** piety under Vehumet
 10732 | D:10     | Offered knowledge of Kiss of Death by Vehumet.
 10896 | D:10     | Reached skill level 5 in Air Magic
 10896 | D:10     | Reached XP level 11. HP: 70/79 MP: 15/22
 11014 | D:10     | Found a broken altar of Ashenzari.
 11057 | D:10     | Found a staircase to the Orcish Mines.
 11273 | D:10     | Found a snail-covered altar of Cheibriados.
 11273 | D:10     | Found a white marble altar of Elyvilon.
 11386 | D:10     | Found an opulent altar of Gozag.
 11530 | D:10     | Gained mutation: You possess an exceptional clarity of
                  | mind. [potion of mutation]
 11530 | D:10     | Gained mutation: You passively map a small area around you.
                  | [potion of mutation]
 11530 | D:10     | Gained mutation: You are somewhat resistant to further
                  | mutation. [potion of mutation]
 12330 | D:11     | Noticed a boulder beetle
 12346 | D:11     | Killed a boulder beetle
 12689 | D:11     | Identified 2 scrolls of acquirement
 12690 | D:11     | Acquired 681 gold pieces
 12692 | D:11     | Acquired the ring of Gluttony {Will+ Slay+4}
 12712 | D:11     | Noticed a cyclops
 12718 | D:11     | Noticed Josephine
 12884 | D:11     | Noticed a cyclops
 12923 | D:11     | You fall into a shaft and drop 3 floors!
 12923 | D:13     | Identified the of Gyento
 13194 | D:15     | Entered Level 15 of the Dungeon
 13215 | D:14     | Noticed a cyclops
 13486 | D:14     | Noticed a cyclops
 13489 | D:14     | Noticed a manticore
 13557 | D:13     | Noticed an arcanist
 13562 | D:13     | Killed an arcanist
 13574 | D:13     | Noticed a vault guard
 13579 | D:13     | Reached skill level 8 in Spellcasting
 13625 | D:13     | Killed a vault guard
 13830 | D:13     | Found a gate to the Vaults.
 13902 | D:13     | Reached XP level 12. HP: 47/86 MP: 5/24
 14019 | D:13     | Found a portal to a secret trove of treasure.
 14038 | Trove    | Entered a treasure trove
 14047 | Trove    | Identified the amulet "Ysueruin" {Faith +Inv}
 14079 | Trove    | Identified the +1 pair of boots of Winter {Rampage Str+2}
 14081 | Trove    | Identified an amulet of Divine Compulsion {Reflect +Inv
                  | rN+++ Str-5 Int-3 SH+5}
 14291 | D:12     | Noticed a boulder beetle
 14308 | D:12     | Killed a boulder beetle
 14477 | D:12     | Noticed Psyche
 14483 | D:12     | Killed Psyche
 14662 | D:12     | Noticed a boulder beetle
 14707 | D:12     | Learned a level 3 spell: Stone Arrow
 14711 | D:12     | Killed a boulder beetle
 14867 | D:12     | Reached skill level 5 in Staves
 15322 | D:12     | Found Heeprips's CLEARANCE SALE!.
 15405 | D:12     | Learned a level 2 spell: Poisonous Vapours
 15607 | D:11     | Killed Josephine
 15625 | D:11     | Reached skill level 9 in Spellcasting
 16119 | D:8      | You fall into a shaft and drop 1 floor!
 16151 | D:8      | You fall into a shaft and drop 1 floor!
 16240 | D:8      | Killed pigah's ghost
 16295 | D:8      | Killed monsoonserge's ghost
 16368 | D:8      | Killed Cadnt's ghost
 16553 | D:9      | Found a staircase to the Lair.
 16569 | Lair:1   | Entered Level 1 of the Lair of Beasts
 16586 | Lair:1   | Noticed a boulder beetle
 16594 | Lair:1   | Reached XP level 13. HP: 74/91 MP: 5/26
 16809 | D:9      | Reached skill level 1 in Earth Magic
 17461 | Lair:2   | Found a frozen archway.
 17583 | IceCv    | Entered an ice cave
 17962 | IceCv    | HP: 2/91 [harpy simulacrum (4)]
 17962 | IceCv    | Mangled by a harpy simulacrum

Illustrated notes

Levels and vault maps discovered:
D:1:      minmay_arrival_hallway, layout_loops_cross, minmay_tetromino_s4
D:2:      layout_basic, basic_altar
D:3:      layout_basic, hellmonk_ecumenical_altar_watching_god,
          minmay_misc_feat_hallway
D:4:      cheibrodos_greedy_goblins, layout_layer_cave, temple_fountains,
          mainiacjoe_sewer_entry_somewhere_in_here_2,
          hangedman_abyss_or_decor_stabs, pf_guarded_unrand_meek
D:5:      layout_basic, corner_web_ring, nicolae_tricolors
D:6:      layout_gridville, grunt_temple_overflow_order_and_chaos_2,
          fedhas_altar_2, serial_shops, nicolae_shop_trees
D:7:      layout_basic, chequers_temple_overflow_statue_of_worship,
          nicolae_qazlal_general_emergency, minmay_misc_feat_enclosed
D:8:      layout_cave_pods, gammafunk_ghost_cemetery, uniq_grum
D:9:      layout_rooms, tso_oasis_becter, mainiacjoe_overflow_small_starburst,
          grunt_lair_entry_orc_guard_hut
D:10:     layout_roguey, nicolae_gozag_cash_rules_everything_around_me,
          minitemple, nicolae_ashenzari_skybound, minmay_misc_feat_pillars
D:11:     layout_basic, uniq_josephine
D:12:     layout_long_grid, nicolae_shop_clearance, uniq_psyche
D:13:     layout_rooms, david_vaults_5, enter_trove_0, chequers_jeans,
          minmay_crystal_box
D:14:     layout_irregular_city, okawaru_ov_weapons_minmay, drop_trap,
          uniq_kirke
D:15:     gammafunk_depths_entry_grave, layout_irregular_city,
          corexii_corridor_pit, uniq_jorgrun
Temple:   nicolae_temple_ecumenical_triangle
Lair:1:   layout_layer_cave, gammafunk_ghost_hydra_chop,
          minmay_lair_oklob_items, hibernation_bobbens
Lair:2:   layout_cave_pods, portal_ice_cave_entry_ice_simulacra,
          hellmonk_ghost_happy_afterlife, grunt_megastairs_5
IceCv:    ice_cave_caverns_01

Skill      XL: |  1  2  3  4  5  6  7  8  9 10 11 12 13 |
---------------+----------------------------------------+-----
Spellcasting   | 1 3 4 5 6 7 8 9 |  9.6
Conjurations   | 1 2 3 4 5 6 7 8 |  8.9
Ice Magic      | 1 2 3 4 5 6 7 8 |  8.8
Dodging        | 2 3 |  3.4
Evocations     | 1 2 |  2.6
Armour         | 1 2 3 |  3.4
Ranged Weapons | 1 2 |  2.8
Air Magic      | 2 3 5 6 7 |  7.0
Staves         | 2 4 5 |  5.8
Fighting       | 4 5 |  5.0
Poison Magic   | 2 6 |  6.0
Earth Magic    | 1 |  1.6
Maces & Flails | |  2.0
Stealth        | |  6.0
Translocations | |  0.9

Action                     |  1- 3 |  4- 6 |  7- 9 | 10-12 | 13-15 || total
---------------------------+-------+-------+-------+-------+-------++-------
  Melee: Falchion          |    18 |   128 |   183 |     1 |       ||   330
         Punch             |       |     2 |     4 |     4 |     3 ||    13
         Quarterstaff      |       |       |   173 |   253 |    53 ||   479
   Fire: Sling             |       |       |    96 |    76 |    17 ||   189
         Arbalest          |       |       |       |       |    70 ||    70
  Throw: Stone             |     2 |       |       |       |       ||     2
         Dart              |       |     4 |    27 |    29 |       ||    60
   Cast: Mephitic Cloud    |       |       |    14 |    50 |    10 ||    74
         Hailstorm         |       |       |     5 |       |       ||     5
         Freezing Cloud    |       |       |       |    41 |     5 ||    46
         Stone Arrow       |       |       |       |       |     2 ||     2
Ability: Dig               |     2 |     1 |     3 |     4 |       ||    10
         Shaft Self        |       |       |     2 |     3 |       ||     5
  Evoke: Wand              |       |     1 |       |     2 |     1 ||     4
    Use: Scroll            |       |     2 |    10 |    13 |     1 ||    26
         Potion            |       |       |     5 |     3 |     2 ||    10
   Stab: Sleeping          |       |     3 |    22 |     1 |       ||    26
         Confused          |       |       |     6 |    29 |     4 ||    39
 Armour: Leather armour    |    16 |    79 |    92 |    39 |    80 ||   306
         Ring mail         |       |       |   158 |   155 |       ||   313
  Dodge: Dodged            |    24 |    88 |   233 |   136 |    55 ||   536
         Repelled          |       |       |       |       |     1 ||     1
  Block: Other             |       |       |       |    12 |    11 ||    23
         Reflection        |       |       |       |     1 |       ||     1

Table legend: (Time is in decaauts)
 A = Elapsed time spent in this place.
 B = Non-inter-level travel time spent in this place.
 C = Inter-level travel time spent in this place.
 D = Time resting spent in this place.
 E = Time spent auto-exploring this place.
 F = Levels seen in this place.
 G = Mean time per level.
                   A        B        C        D        E       F      G
               +--------+--------+--------+--------+--------+-----+--------+
         Total |  18403 |  17463 |    940 |   4865 |   6560 |  21 |  876.3 |
       Dungeon |  15951 |  15069 |    882 |   4090 |   6163 |  15 | 1063.4 |
        Temple |      1 |      1 |      0 |      0 |      0 |   1 |    1.0 |
          Lair |    684 |    626 |     58 |    282 |     75 |   2 |  342.0 |
         Trove |     66 |     66 |      0 |      0 |      0 |   1 |   66.0 |
         Sewer |   1274 |   1274 |      0 |    343 |    322 |   1 | 1274.0 |
      Ice Cave |    423 |    423 |      0 |    150 |      0 |   1 |  423.0 |
               +--------+--------+--------+--------+--------+-----+--------+

Top non-repeatable levels by time:
    D:11: 1814 daAuts
     D:4: 1760 daAuts
     D:8: 1662 daAuts
     D:6: 1505 daAuts
     D:7: 1346 daAuts
   Sewer: 1274 daAuts
    D:12: 1221 daAuts
     D:9: 1193 daAuts
    D:10: 1051 daAuts
     D:5: 972 daAuts
     D:2: 805 daAuts
     D:1: 785 daAuts
    D:13: 701 daAuts
     D:3: 549 daAuts
  Lair:1: 445 daAuts
